 Dungeon Crawl Stone Soup version 0.31-a0-187-gba352fbbf7 (webtiles) character file.

Game seed: 640891244095501879

75 qw the Shooter (level 4, -1/25 HPs)
             Began as a Deep Elf Hunter on June 22, 2023.
             Succumbed to an adder's poison
             ... on level 3 of the Dungeon.
             The game lasted 00:00:41 (1494 turns).

qw the Shooter (Deep Elf Hunter)                    Turns: 1494, Time: 00:00:41

Health: -1/25      AC:  5    Str: 10    XL:     4   Next: 11%
Magic:  6/6        EV: 11    Int: 14    God:
Gold:   82         SH:  0    Dex: 18    Spells: 3/3 levels left

rFire   . . .        Y - +0 shortbow
rCold   + . .        (shield currently unavailable)
rNeg    . . .        d - +0 ring mail
rPois   .            (no helmet)
rElec   .            (no cloak)
rCorr   .            (no gloves)
SInv    .            (no boots)
Will    .....        (no amulet)
Stlth   +            b - ring of protection from cold
HPRegen 0.24/turn    (no ring)
MPRegen 0.10/turn

%: no passive effects
@: lethally poisoned (-1 -> -5)
A: no striking features
a: no special abilities


You were on level 3 of the Dungeon.
You visited 1 branch of the dungeon, and saw 3 of its levels.

You collected 82 gold pieces.


   Skills:
 - Level 1.5 Fighting
 + Level 7.5 Ranged Weapons
 - Level 2.4 Dodging
 - Level 1.2 Stealth


You had 3 spell levels left.
You didn't know any spells.
Your spell library was empty.

Inventory:

Hand Weapons
 Y - a +0 shortbow (weapon)
Armour
 d - a +0 ring mail (worn)
Jewellery
 b - a ring of protection from cold (left hand)
Scrolls
 c - a scroll of amnesia {unknown}
Potions
 a - a potion of enlightenment {unknown}
 e - a potion of curing {unknown}
 g - a potion of degeneration {unknown}

Dungeon Overview and Level Annotations

Branches:
Dungeon (3/15)

Altars:


Message History

You shoot an arrow. The arrow closely misses the rat.
The rat bites you.
You shoot an arrow. The arrow hits the giant cockroach!
You kill the giant cockroach!
The rat completely misses you.
The kobold throws a stone.
The stone hits you but does no damage.
You shoot an arrow. The arrow hits the rat.
You kill the rat!
The adder bites you but does no damage.
You shoot an arrow. The arrow misses the adder.
The adder bites you. The adder bites you but does no damage.
The kobold hits you but does no damage.
You shoot an arrow. The arrow barely misses the adder.
The adder bites you but does no damage. The kobold barely misses you.
You shoot an arrow. The arrow closely misses the adder.
The adder bites you. The kobold hits you with a +0 dagger.
The adder bites you but does no damage.
You shoot an arrow. The arrow barely misses the adder.
The adder bites you. The kobold hits you with a +0 dagger.
You shoot an arrow. The arrow barely misses the adder.
The adder closely misses you. The kobold hits you but does no damage.
The adder barely misses you.
You shoot an arrow. The arrow completely misses the adder.
The kobold hits you with a +0 dagger. The adder closely misses you.
You shoot an arrow. The arrow closely misses the adder.
The adder closely misses you. The kobold closely misses you.
The adder bites you. The kobold misses you.
You shoot an arrow.
The arrow hits the adder but does no damage.
The adder completely misses you. The kobold hits you but does no damage.
You shoot an arrow. The arrow misses the adder.
The adder bites you but does no damage. The kobold hits you but does no damage.
The adder bites you but does no damage.
You shoot an arrow. The arrow hits the adder!
The adder is severely wounded.
The adder bites you.
You are lethally poisoned!
The adder poisons you! The kobold barely misses you. The adder bites you.
You shoot an arrow. The arrow closely misses the adder.
You die...

#######.#.#
...####.#.###########..
#>...........).........
.##..(.##.#.#...####
.###+#....#.###.#####...
........................
..........#.####.####..~
......%...#.# #.#
.###.####.#.# #@# .# #.#
#.#.# #KS....~. .# #.# #
##w....~. .###.# #....~~
.+...# .....~ .#####
.....# ### ..... ..#
####. ..###


You could see a worm, an adder and a kobold.

Vanquished Creatures
  A worm (D:3)
  A dart slug (D:2)
  3 ball pythons
  5 endoplasms
  4 giant cockroaches
  11 goblins
  6 hobgoblins
  2 jackals (D:1)
  5 quokkas
  7 bats
  9 kobolds
  4 rats
58 creatures vanquished.

Vanquished Creatures (others)
  An adder (D:3)
  A kobold (D:3)
2 creatures vanquished.

Grand Total: 60 creatures vanquished

Notes
Turn   | Place    | Note
-------+----------+-------------------------------------------
     0 | D:1      | qw the Deep Elf Hunter began the quest for the Orb.
     0 | D:1      | Reached XP level 1. HP: 12/12 MP: 3/3
     0 | D:1      | 0 ||| qw: Version: 0.3-a-9-g12657ce
     0 | D:1      | 0 ||| qw: Game counter: 2092
     0 | D:1      | 0 ||| qw: Always use a shield: true
     0 | D:1      | 0 ||| qw: God list: Okawaru
     0 | D:1      | 0 ||| qw: Allow faded altars: false
     0 | D:1      | 0 ||| qw: Do Orc after D:15 true
     0 | D:1      | 0 ||| qw: Do second Lair branch before Depths: true
     0 | D:1      | 0 ||| qw: Lair rune preference: random
     0 | D:1      | 0 ||| qw: Plans: Normal
     0 | D:1      | 0 ||| PLANNING D:1-11
   126 | D:1      | Reached XP level 2. HP: 16/16 MP: 4/4
   136 | D:1      | Reached skill level 6 in Ranged Weapons
   401 | D:1      | Reached XP level 3. HP: 19/20 MP: 5/5
   733 | D:1      | 733 ||| UPGRADING to +0 ring mail.
   743 | D:1      | 743 ||| DROPPING +0 leather armour.
   744 | D:1      | 744 ||| READING scroll labelled RAFORU IBRE.
   745 | D:1      | 745 ||| READING scroll labelled AFETZU QOCKEF.
   746 | D:1      | 746 ||| DROPPING scroll of butterflies.
   791 | D:2      | Reached skill level 7 in Ranged Weapons
  1324 | D:2      | 1324 ||| UPGRADING to ring of protection from cold.
  1325 | D:2      | 1325 ||| DRINKING 2 orange potions.
  1326 | D:2      | 1326 ||| DROPPING potion of brilliance.
  1423 | D:3      | Reached XP level 4. HP: 25/25 MP: 6/6
  1490 | D:3      | HP: 5/25 [adder (4)]
  1493 | D:3      | HP: 1/25 [adder (3)]
  1494 | D:3      | Succumbed to an adder's poison

Levels and vault maps discovered:
D:1:      minmay_arrival_cross, layout_loops_ring
D:2:      layout_basic
D:3:      layout_basic, xom_confusion_cloud,
          dreamdust_ecumenical_altar_angels_and_demons,
          chequers_decorated_corner

Skill      XL: |  1  2  3 |
---------------+----------+-----
Ranged Weapons | 6 7 |  7.5
Fighting       | |  1.5
Dodging        | |  2.4
Stealth        | |  1.2

Action                     |  1- 3 |  4- 6 || total
---------------------------+-------+-------++-------
   Fire: Shortbow          |   149 |    29 ||   178
    Use: Scroll            |     2 |       ||     2
         Potion            |     1 |       ||     1
 Armour: Leather armour    |     5 |       ||     5
         Ring mail         |     1 |    14 ||    15
  Dodge: Dodged            |    27 |    10 ||    37

Table legend:
 A = Non-vault XP
 B = Vault XP
 C = Vault XP percentage of total XP
 D = Non-vault monster count
 E = Vault monster count
 F = Vault count percentage of total count
                 A         B        C        D         E       F
            +---------+---------+-------+---------+---------+-------
      Total |     100 |       8 |   7.4 |      53 |       5 |   8.6
            +---------+---------+-------+---------+---------+-------
        D:1 |      62 |       0 |   0.0 |      34 |       0 |   0.0
        D:2 |      29 |       0 |   0.0 |      16 |       0 |   0.0
        D:3 |       9 |       8 |  47.1 |       3 |       5 |  62.5
            +---------+---------+-------+---------+---------+-------
